 Dungeon Crawl Stone Soup version 0.23.2-1-ga50397a (webtiles) character file.

Game seed: 13270220235992138489

10319 diana the Fighter (level 11, -10/99 HPs)
             Began as a Minotaur Fighter on June 1, 2019.
             Was a High Priest of Okawaru.
             Mangled by a cyan ugly thing (13 damage)
             ... on level 11 of the Dungeon.
             The game lasted 00:16:00 (8639 turns).

diana the Fighter (Minotaur Fighter)                Turns: 8639, Time: 00:16:02

Health: -10/99     AC: 15    Str: 23    XL:     11   Next: 34%
Magic:  9/14       EV: 20    Int:  5    God:    Okawaru [*****.]
Gold:   297        SH: 14    Dex: 18    Spells: 10/10 levels left

rFire    . . .     SeeInvis .   G - +6 whip of Oenomania {drain, +Rage rF- MR+ Dex+2}
rCold    . . .     Gourm    .   c - +0 shield
rNeg     . . .     Faith    .   b - +0 scale mail
rPois    .         Spirit   .   (helmet restricted)
rElec    .         Reflect  .   x - +2 cloak
rCorr    .         Harm     .   z - +0 pair of gloves
MR       +....                  (no boots)
Stlth    ++........             (no amulet)
HPRegen  0.26/turn              k - +5 ring of dexterity
MPRegen  0.14/turn              C - ring of protection from fire

@: about to teleport, heroism, finesse
A: retaliatory headbutt, horns 2
a: Heroism, Finesse, Renounce Religion, Evoke Berserk Rage


You were on level 11 of the Dungeon.
You worshipped Okawaru.
Okawaru was extremely pleased with you.
You were very hungry.

You visited 2 branches of the dungeon, and saw 12 of its levels.

You collected 582 gold pieces.
You spent 285 gold pieces at shops.

Inventory:

Hand Weapons
 a - a +0 war axe
 G - the +6 whip of Oenomania (weapon) {drain, +Rage rF- MR+ Dex+2}
   (You found it on level 6 of the Dungeon)

   A truly terrible weapon, it drains the life of those it strikes.
   It affects your dexterity (+2).
   It makes you vulnerable to fire.
   It affects your resistance to hostile enchantments.
   It lets you go berserk.
Armour
 b - a +0 scale mail (worn)
 c - a +0 shield (worn)
 x - a +2 cloak (worn)
 z - a +0 pair of gloves (worn)
Jewellery
 k - a +5 ring of dexterity (left hand)
 l - an uncursed ring of protection from cold
 C - a ring of protection from fire (right hand)
 I - an uncursed ring of protection from fire
 L - an uncursed amulet of magic regeneration {unknown}
 P - an uncursed ring of poison resistance {unknown}
 Q - an uncursed ring of see invisible {unknown}
Wands
 H - a wand of scattershot (7)
 K - a wand of random effects (17)
 N - a wand of iceblast (9)
Scrolls
 i - 8 scrolls of identify
 j - 8 scrolls of remove curse
 p - a scroll of fog
 q - 3 scrolls of immolation
 t - a scroll of random uselessness {unknown}
 u - 3 scrolls of teleportation
 v - 2 scrolls of magic mapping {unknown}
 y - a scroll of enchant armour {unknown}
 A - a scroll of blinking {unknown}
 E - a scroll of fear {unknown}
 F - a scroll of noise {unknown}
 J - a scroll of enchant weapon {unknown}
 M - a scroll of amnesia {unknown}
 S - a scroll of vulnerability {unknown}
Potions
 d - a potion of might
 e - a potion of berserk rage {unknown}
 g - 2 potions of invisibility {unknown}
 h - 2 potions of magic {unknown}
 m - 4 potions of flight {unknown}
 n - 3 potions of haste {unknown}
 o - 2 potions of heal wounds {unknown}
 r - 2 potions of resistance {unknown}
 s - 2 potions of curing
 w - a potion of cancellation {unknown}
 B - 2 potions of degeneration
 D - 3 potions of lignification
 O - a potion of brilliance {unknown}
 R - a potion of ambrosia {unknown}
Comestibles
 f - 10 rations


   Skills:
 + Level 9.8(14.8) Fighting
 - Level 6.3(13.0) Axes
 + Level 7.5(13.6) Maces & Flails
 + Level 9.7(14.7) Armour
 + Level 8.2(13.2) Dodging
 + Level 9.7(14.7) Shields
 + Level 5.4 Invocations


You had 10 spell levels left.
You didn't know any spells.
Your spell library contained the following spells:

 Spells                   Type           Power        Failure   Level  Hunger
 Animate Skeleton         Necr           N/A          71%         1    ##.....
 Apportation              Tloc           #.....       71%         1    ##.....
 Beastly Appendage        Tmut           #.....       71%         1    ##.....
 Confusing Touch          Hex            #.....       71%         1    ##.....
 Magic Dart               Conj           #...         71%         1    ##.....
 Summon Small Mammal      Summ           #...         71%         1    ##.....
 Blink                    Tloc           N/A          85%         2    ###....
 Call Imp                 Summ           #.......     85%         2    ###....
 Slow                     Hex            #.......     85%         2    ###....
 Sticks to Snakes         Tmut           #.......     85%         2    ###....
 Conjure Flame            Conj/Fire      #.......     97%         3    ####...
 Mephitic Cloud           Conj/Pois/Air  #.......     97%         3    ####...
 Spider Form              Tmut/Pois      #.........   97%         3    ####...
 Ice Form                 Ice/Tmut       #.......     100%        4    #####..
 Blade Hands              Tmut           #.........   100%        5    ######.


Dungeon Overview and Level Annotations

Branches:
Dungeon (11/15)            Temple (1/1) D:4            Lair (0/6) D:10
    Orc (0/2) D:9

Altars:
Ashenzari
Cheibriados
Elyvilon
Fedhas
Gozag
Hepliaklqana
Kikubaaqudgha
Nemelex Xobeh
Okawaru
Qazlal
Ru
Sif Muna
Trog
Vehumet
Wu Jian
Xom
Zin

Shops:
D:5 %!(

Annotations:
D:5 1 runed translucent door, daning's ghost, novice DECj


Innate Abilities, Weirdness & Mutations

You reflexively headbutt those who attack you in melee.
You have a pair of horns on your head.


Message History

Okay, then.
Okay, then.
As you read the scroll labeled AGGOTW AS CAOMM, it crumbles to dust.
You feel strangely unstable.
It was a scroll of teleportation.
The killer bee completely misses you. You furiously retaliate!
You headbutt the killer bee. You block the ogre's attack.
The cyan ugly thing kicks you.
* * * LOW HITPOINT WARNING * * *
The cyan ugly thing shocks you!
* * * LOW HITPOINT WARNING * * *
You block the yak's attack. The hound bites you but does no damage.
The killer bee closely misses you. You furiously retaliate!
You headbutt the killer bee!
You feel better. The killer bee barely misses you.
The hound completely misses you. You block the wight's attack.
The yak closely misses you. You furiously retaliate!
You headbutt the yak! The cyan ugly thing kicks you.
* * * LOW HITPOINT WARNING * * *
The cyan ugly thing shocks you!
You die...

#. #. #.### .....
#.#.### #§#§§.
######y#z#######
.....ZO@uz......
#######Y#h#z.### #
#.)..##.#c#..... .(
#[#...#.#h#z####..#
#.#...#.#z)........
#<#...#.###.#.###.#
.###...#.##zz......#
..........<))....#..#
#.########.#..####..#


You could see a cyan ugly thing, a yak, an ogre, a centaur, a howler monkey, a
hound, a killer bee, 4 wights and a centaur warrior zombie.

Vanquished Creatures
  A two-headed ogre (D:9)
  Erica (D:8)
  An unseen horror (D:10)
  A hippogriff (D:10)
  A shadow (D:11)
  15 yaks
  2 hungry ghosts
  3 wargs (D:10)
  3 sky beasts
  A hornet zombie (D:10)
  5 orc warriors
  2 black bears (D:7)
  A necrophage (D:10)
  An ice beast (D:9)
  6 ogres
  2 phantoms
  A centaur (D:4)
  A crocodile (D:7)
  A big kobold (D:11)
  4 bullfrogs
  3 scorpions
  12 killer bees
  4 crimson imps
  A centaur zombie (D:8)
  A quasit (D:7)
  2 bullfrog zombies (D:6)
  5 jellies
  A bullfrog skeleton (D:8)
  12 hounds
  11 orc priests
  Natasha (thrice) (D:3)
  A centaur skeleton (D:9)
  Terence (D:3)
  5 iguanas
  Ijyb (D:3)
  17 orc wizards
  8 worker ants
  A hound skeleton (D:10)
  9 adders
  5 gnolls
  4 shadow imps
  An ooze (D:2)
  An adder skeleton (D:6)
  3 worms
  A dart slug (D:1)
  9 leopard geckos
  61 orcs
  6 giant cockroaches
  7 goblins
  2 hobgoblins
  15 jackals
  6 quokkas
  A ball python (D:3)
  7 bats
  4 frilled lizards
  14 kobolds
  2 quokka skeletons
  10 rats
310 creatures vanquished.

Notes
Turn   | Place    | Note
-------+----------+-------------------------------------------
     0 | D:1      | diana the Minotaur Fighter began the quest for the Orb.
     0 | D:1      | Reached XP level 1. HP: 19/19 MP: 0/0
   245 | D:1      | Reached XP level 2. HP: 27/27 MP: 1/1
   637 | D:1      | Reached skill level 1 in Dodging
   792 | D:2      | Reached XP level 3. HP: 26/33 MP: 2/2
   872 | D:2      | Found a shimmering altar of Xom.
  1236 | D:2      | Reached XP level 4. HP: 36/40 MP: 3/3
  1488 | D:3      | Noticed Natasha
  1499 | D:3      | Killed Natasha
  1499 | D:3      | Reached XP level 5. HP: 42/47 MP: 4/4
  1520 | D:3      | Noticed a sky beast
  1522 | D:3      | Noticed Natasha
  1550 | D:3      | Killed a sky beast
  1564 | D:3      | Found a hazy altar of Hepliaklqana.
  1730 | D:3      | Reached XP level 6. HP: 49/53 MP: 5/5
  1736 | D:3      | Noticed Terence
  1741 | D:3      | Killed Terence
  1896 | D:3      | Noticed Ijyb
  1904 | D:3      | Killed Natasha
  1905 | D:3      | Paralysed by Ijyb for 3 turns
  1912 | D:3      | Paralysed by Ijyb for 7 turns
  2087 | D:3      | Paralysed by Ijyb for 2 turns
  2096 | D:3      | Killed Ijyb
  2096 | D:3      | Reached skill level 5 in Axes
  2098 | D:3      | Noticed Natasha
  2101 | D:3      | Killed Natasha
  2322 | D:3      | Reached skill level 5 in Armour
  2330 | D:4      | Reached skill level 5 in Fighting
  2336 | D:4      | Reached skill level 5 in Shields
  2532 | D:4      | Reached XP level 7. HP: 39/61 MP: 6/6
  2604 | D:4      | Found a blossoming altar of Fedhas.
  2624 | D:4      | Found a staircase to the Ecumenical Temple.
  2643 | Temple   | Entered the Ecumenical Temple
  2651 | Temple   | Became a worshipper of Warmaster Okawaru
  2784 | D:4      | Found an opulent altar of Gozag.
  3087 | D:5      | Entered Level 5 of the Dungeon
  3142 | D:2      | Found a white marble altar of Elyvilon.
  3634 | D:5      | Found Osima's Food Emporium.
  3651 | D:5      | Found Obed's Distillery.
  3655 | D:5      | Bought a potion of curing for 42 gold pieces
  3655 | D:5      | Bought a potion of degeneration for 14 gold pieces
  3655 | D:5      | Bought a potion of lignification for 42 gold pieces
  3665 | D:5      | Found Ballai's Antique Weapon Shoppe.
  3880 | D:5      | Found a radiant altar of Vehumet.
  3919 | D:5      | Found a runed translucent door.
  3920 | D:5      | Noticed daning's ghost (novice DECj)
  4007 | D:5      | Found an ancient bone altar of Kikubaaqudgha.
  4124 | D:6      | Reached * piety under Okawaru
  4161 | D:6      | Reached XP level 8. HP: 64/70 MP: 7/7
  4174 | D:6      | Got a twisted whip
  4175 | D:6      | Identified the +6 whip of Oenomania {drain, +Rage rF- MR+
                  | Dex+2} (You found it on level 6 of the Dungeon)
  4255 | D:6      | Reached skill level 1 in Maces & Flails
  4412 | D:6      | Found a shattered altar of Ashenzari.
  4656 | D:5      | Bought a jewelled whip for 187 gold pieces
  4656 | D:5      | Identified the cursed +0 whip of Osigoref {slash, +Rage
                  | Str+2} (You bought it in a shop on level 5 of the Dungeon)
  4804 | D:7      | Found a sacrificial altar of Ru.
  4880 | D:7      | Reached skill level 5 in Dodging
  5089 | D:7      | Reached ** piety under Okawaru
  5091 | D:7      | Reached XP level 9. HP: 37/79 MP: 8/8
  5387 | D:7      | Found a blossoming altar of Fedhas.
  5490 | D:7      | Found a bloodstained altar of Trog.
  5590 | D:7      | Reached skill level 1 in Invocations
  5772 | D:8      | Noticed Erica
  5782 | D:8      | Killed Erica
  5782 | D:8      | Reached *** piety under Okawaru
  6210 | D:8      | Reached skill level 5 in Maces & Flails
  6685 | D:8      | Reached **** piety under Okawaru
  6685 | D:8      | Reached XP level 10. HP: 88/88 MP: 11/11
  7034 | D:9      | Found an ancient bone altar of Kikubaaqudgha.
  7286 | D:9      | Noticed a two-headed ogre
  7294 | D:9      | Killed a two-headed ogre
  7294 | D:9      | Reached ***** piety under Okawaru
  7499 | D:9      | Found a deep blue altar of Sif Muna.
  7702 | D:9      | Found a staircase to the Orcish Mines.
  8000 | D:10     | Entered Level 10 of the Dungeon
  8088 | D:10     | Killed an unseen horror
  8130 | D:10     | Reached XP level 11. HP: 85/97 MP: 11/13
  8174 | D:10     | Reached skill level 5 in Invocations
  8187 | D:10     | Found a staircase to the Lair.
  8563 | D:11     | Received a gift from Okawaru
  8614 | D:11     | Noticed a cyan ugly thing
  8638 | D:11     | HP: 1/99 [cyan ugly thing (16)]
  8639 | D:11     | Mangled by a cyan ugly thing

Skill      XL: |  1  2  3  4  5  6  7  8  9 10 11 |
---------------+----------------------------------+-----
Axes           | 3 4 5 6 |  6.3
Dodging        | 1 2 3 4 5 6 7 8 |  8.2
Armour         | 4 5 7 8 9 |  9.7
Shields        | 4 5 7 8 9 |  9.7
Fighting       | 4 5 7 8 9 |  9.8
Maces & Flails | 3 5 6 7 |  7.5
Invocations    | 3 4 5 |  5.4

Action                   |  1- 3 |  4- 6 |  7- 9 | 10-12 || total
-------------------------+-------+-------+-------+-------++-------
Melee: War axe           |   101 |    99 |    71 |       ||   271
       Headbutt          |    11 |    24 |    79 |    93 ||   207
       Whip              |       |       |   240 |   335 ||   575
Invok: Heroism           |       |       |     2 |     5 ||     7
       Finesse           |       |       |       |     1 ||     1
  Use: Scroll            |       |       |     2 |     3 ||     5
       Potion            |       |       |       |     1 ||     1
  Eat: Chunk             |       |     3 |    11 |     2 ||    16
       Ration            |       |     1 |     1 |     1 ||     3
Armor: Scale mail        |    31 |    50 |    73 |    84 ||   238
Dodge: Dodged            |    41 |    37 |    99 |   139 ||   316
Block: Shield            |    56 |    72 |   151 |   165 ||   444
